 Dungeon Crawl Stone Soup version 0.18.1-48-g4cf74bf (webtiles) character file.

73 glosham the Skirmisher (level 4, -2/40 HPs)
             Began as a Centaur Earth Elementalist on Sept 2, 2016.
             Slain by a goblin
             ... wielding a +0 dagger
             ... led by Robin
              (4 damage)
             ... on level 2 of the Dungeon.
             The game lasted 00:17:25 (1275 turns).

glosham the Skirmisher (Centaur Earth Elementalist) Turns: 1275, Time: 00:17:26

Health: -2/40      AC:  5    Str: 12    XL:     4   Next: 8%
Magic:  1/6        EV: 15    Int: 14    God:
Gold:   55         SH:  0    Dex: 14    Spells: 1 memorised, 5 levels left

rFire  + . .     SeeInvis .     b - -1 hunting sling (curse)
rCold  + . .     Gourm    +     X - +1 robe
rNeg   . . .     Faith    .     (no shield)
rPois  +         Spirit   .     (helmet restricted)
rElec  +         Dismiss  .     (no cloak)
rCorr  +         Reflect  .     (no gloves)
SustAt .         Harm     .     (no barding)
MR     .....                    z - amulet of the gourmand
Stlth  ++........               (no ring)
                                (no ring)

@: agile, resistant, very slightly contaminated, very quick, not resistant to
hostile enchantments, unstealthy
A: antennae 1, hooves 3, deformed body, deterioration 1, speed 2, poison
resistance, tough skin 3
a: no special abilities


You were on level 2 of the Dungeon.
You were hungry.

You visited 1 branch of the dungeon, and saw 2 of its levels.

You collected 55 gold pieces.

Inventory:

Hand Weapons
 a - a +0 short sword
 b - a cursed -1 hunting sling (weapon)
 o - a +1 short sword of draining
Missiles
 e - 18 arrows
Armour
 k - a +0 scale mail
 X - a +1 robe (worn)
Jewellery
 z - an amulet of the gourmand (around neck)
Scrolls
 m - a scroll of enchant armour
Potions
 l - a potion of flight
Books
 c - a book of Geomancy

   Spells                             Type                      Level
   a - Sandblast                      Earth                        1
   b - Passwall                       Transmutation/Earth          2
   c - Stone Arrow                    Conjuration/Earth            3
   d - Petrify                        Transmutation/Earth          4
   e - Lee's Rapid Deconstruction     Earth                        5
Comestibles
 d - a bread ration
 f - 6 chunks of flesh
 p - a beef jerky


   Skills:
 * Level 3.7 Fighting
 - Level 1.3 Dodging
 - Level 1.2 Stealth
 - Level 1.5 Spellcasting
   Level 0.8 Transmutations
 - Level 2.6 Earth Magic


You had 5 spell levels left.
You knew the following spells:

 Your Spells              Type           Power        Failure   Level  Hunger
x - Sandblast             Erth           #.....       10%         1    ##.....


Dungeon Overview and Level Annotations

Branches:
Dungeon (2/15)

Altars:

Annotations:
D:2 Robin


Innate Abilities, Weirdness & Mutations

You have hooves in place of feet.
Armour fits poorly on your strangely shaped body.
You cover ground very quickly.
You have extremely tough skin (AC +3).
You have a pair of small antennae on your head.
Your body sometimes deteriorates upon taking damage.
Your system is resistant to poisons.


Message History

Confirm with . or Enter, or press ? or * to list all spells.
Aiming: Sandblast
Press: ? - help, Shift-Dir - straight line, f/p - goblin
Aim: a goblin, wielding a club (heavily wounded)
The blast of sand hits the goblin.
You kill the goblin!
Robin throws the goblin at you!
The goblin hits you but does no damage. x2
Casting: Sandblast
Confirm with . or Enter, or press ? or * to list all spells.
Aiming: Sandblast
Press: ? - help, Shift-Dir - straight line, f - goblin
Aim: a goblin You miscast Sandblast.
Nothing appears to happen.
The goblin no longer looks unusually strong.
The goblin hits you.
* * * LOW HITPOINT WARNING * * *
The goblin closely misses you.
Drink which item? (? for menu, Esc to quit)
It was a potion of curing.
You feel better.
Robin roars a battlecry!
The goblins go into a battle-frenzy!
The goblin hits you but does no damage. The goblin barely misses you.
Drink which item? (? for menu, Esc to quit)
It was a potion of resistance.
You feel protected. The goblin hits you.
* * * LOW HITPOINT WARNING * * *
The goblin closely misses you.
Drink which item? (? for menu, Esc to quit)
It was a potion of mutation.
You feel extremely strange. A pair of antennae grows on your head!
You feel resistant to poisons.
You feel yourself wasting away. The goblin barely misses you. x2
Drink which item? (? for menu, Esc to quit)
It was a potion of agility.
You feel agile all of a sudden. The goblin hits you.
* * * LOW HITPOINT WARNING * * *
The goblin hits you with a dagger.
You die...

. ##(#.##### .. ....+..(.....
#. ####+##....g##.#....#
#.##.........gg##.#....#######
..#.......# #g#(.............
#.#.......# #g# #(...#
#.#.<.....# #g# #(..(#
#.........# #g# #....#
##.###..#.# #@# #....########
#..##..#+###g####(.....<.....
##'##.......((.g.............
#................###.........
#....#...........# #.........
#....#...........# ##########
#....#...........#
#....#...........#
#....#...........#


You could see Robin, a hobgoblin and 6 goblins.

Vanquished Creatures
  2 adders (D:2)
  A worm (D:2)
  A dart slug (D:1)
  A giant gecko (D:1)
  7 bats
  2 giant cockroaches (D:2)
  6 goblins
  5 hobgoblins
  8 jackals (D:2)
  A quokka (D:2)
  A ball python (D:2)
  2 giant newts
  4 kobolds
  5 rats
46 creatures vanquished.

Notes
Turn   | Place    | Note
--------------------------------------------------------------
     0 | D:1      | glosham the Centaur Earth Elementalist began the quest for the Orb.
     0 | D:1      | Reached XP level 1. HP: 14/14 MP: 3/3
    96 | D:1      | Reached skill level 1 in Fighting
   183 | D:1      | Reached XP level 2. HP: 11/24 MP: 4/4
   251 | D:1      | Reached skill level 2 in Fighting
   697 | D:2      | Reached XP level 3. HP: 12/30 MP: 0/5
   741 | D:2      | Reached skill level 3 in Fighting
   762 | D:2      | HP: 2/31 [worm (11)]
  1007 | D:2      | HP: 3/31 [jackal (1)]
  1010 | D:2      | HP: 1/31 [jackal (2)]
  1146 | D:2      | Reached XP level 4. HP: 28/39 MP: 2/6
  1254 | D:2      | Noticed Robin
  1269 | D:2      | HP: 2/40 [goblin/club[Robin] (4)]
  1274 | D:2      | Gained mutation: You have a pair of small antennae on your head. [potion of mutation]
  1274 | D:2      | Gained mutation: Your system is resistant to poisons. [potion of mutation]
  1274 | D:2      | Gained mutation: Your body sometimes deteriorates upon taking damage. [potion of mutation]
  1275 | D:2      | HP: 2/40 [goblin[Robin] (2)]
  1275 | D:2      | Slain by a goblin

Skill      XL: |  1  2  3 |
---------------+----------+-----
Fighting       | 1 2 3 |  3.7
Dodging        | |  1.3
Stealth        | |  1.2
Spellcasting   | |  1.5
Transmutations | |  0.8
Earth Magic    | |  2.6

Action                   |  1- 3 |  4- 6 || total
-------------------------+-------+-------++-------
Melee: Unarmed           |    57 |       ||    57
       Kick              |    21 |     3 ||    24
       Whip              |    19 |       ||    19
       Short sword       |    72 |     6 ||    78
       Hunting sling     |       |    16 ||    16
 Fire: Hunting sling     |       |    13 ||    13
 Cast: Sandblast         |    35 |     3 ||    38
  Use: Scroll            |     2 |     1 ||     3
       Potion            |     3 |     4 ||     7
 Stab: Distracted        |       |     1 ||     1
  Eat: Chunk             |     1 |       ||     1
Armor: Robe              |    71 |    24 ||    95
Dodge: Dodged            |    80 |    23 ||   103

Table legend:
 A = Turns spent in this place as a percentage of turns spent in the entire game.
 B = Non-inter-level travel turns spent in this place as a percentage of non-inter-level travel turns spent in the entire game.
 C = Inter-level travel turns spent in this place as a percentage of turns spent in this place.
 D = Turns resting spent in this place as a percentage of non-inter-level travel turns spent in this place.
 E = Turns spent auto-exploring this place as a percentage of non-inter-level travel turns spent in this place.
 F = Non-inter-level travel turns spent in this place divided by the number of levels of this place that you've seen.
                   A       B       C       D       E      F
               +-------+-------+-------+-------+-------+----------------------
         Total | 100.0 | 100.0 |   0.3 |   0.2 |   0.0 | 515.5
       Dungeon | 100.0 | 100.0 |   0.3 |   0.2 |   0.0 | 515.5
               +-------+-------+-------+-------+-------+----------------------

Table legend:
 A = Kills in this place as a percentage of kills in entire the game.
 B = Kills by you in this place as a percentage of kills by you in the entire game.
 C = Kills by friends in this place as a percentage of kills by friends in the entire game.
 D = Other kills in this place as a percentage of other kills in the entire game.
 E = Experience gained in this place as a percentage of experience gained in the entire game.
 F = Experience gained in this place divided by the number of levels of this place that you have seen.
                   A       B       C       D       E      F
               +-------+-------+-------+-------+-------+----------------------
         Total | 100.0 | 100.0 |  -nan |  -nan | 100.0 |  52.5
       Dungeon | 100.0 | 100.0 |  -nan |  -nan | 100.0 |  52.5
               +-------+-------+-------+-------+-------+----------------------

Vault maps used:
D:1:      dpeg_arrival_tiny_f
D:2:      kennysheep_generic_room_2, uniq_robin
